 Dungeon Crawl Stone Soup version 0.27-a0-1188-g73eefd5def (webtiles) character file.

Game seed: 12305152902004749376

544 chippings the Skirmisher (level 7, -4/74 HPs)
             Began as an Ogre Hunter on May 20, 2021.
             Was an Initiate of Ashenzari.
             Killed by divine providence
             ... invoked by an orc priest
              (16 damage)
             ... on level 4 of the Dungeon.
             The game lasted 00:06:08 (3443 turns).

chippings the Skirmisher (Ogre Hunter)              Turns: 3443, Time: 00:06:08

Health: -4/74      AC:  3    Str: 17    XL:     7   Next: 27%
Magic:  7/7        EV: 10    Int: 12    God:    Ashenzari [......]
Gold:   126        SH:  0    Dex: 11    Spells: 6/6 levels left

rFire    . . .     SeeInvis .   h - +2 dagger (venom)
rCold    . . .     Faith    .   (no shield)
rNeg     . . .     Spirit   .   b - +0 robe
rPois    .         Reflect  .   (helmet restricted)
rElec    .         Harm     .   (no cloak)
rCorr    .         Rampage  .   (gloves unavailable)
Will     +....                  (boots unavailable)
Stlth    ++........             (no amulet)
HPRegen  0.22/turn              k - ring of willpower
MPRegen  0.10/turn              (no ring)

@: no status effects
A: large, unfitting armour, tough skin 1
a: Renounce Religion, Curse Item


You were on level 4 of the Dungeon.
You worshipped Ashenzari.
Ashenzari was noncommittal.
You visited 1 branch of the dungeon, and saw 4 of its levels.

You collected 126 gold pieces.

Inventory:

Hand Weapons
 e - a +0 giant spiked club
 h - a +2 dagger of venom (weapon)
Missiles
 c - 4 large rocks (quivered)
 d - 2 throwing nets
 f - 3 poisoned darts
Armour
 b - a +0 robe (worn)
Jewellery
 k - a ring of willpower (left hand)
Wands
 m - a wand of polymorph (8)
Scrolls
 i - a scroll of enchant armour
Potions
 a - a potion of might
 g - a potion of haste
 j - 2 potions of mutation
 l - a potion of ambrosia


   Skills:
 + Level 5.8 Fighting
 + Level 1.5 Maces & Flails
 + Level 5.6 Throwing
 + Level 2.4 Dodging
 + Level 3.2 Stealth


You had 6 spell levels left.
You didn't know any spells.
Your spell library contained the following spells:

 Spells                   Type           Power      Damage    Failure   Level
 Animate Skeleton         Necr           0%         N/A       32%         1
 Pain                     Necr           0%         1d4       32%         1
 Vampiric Draining        Necr           0%         2d6       69%         3
 Animate Dead             Necr           0%         N/A       97%         4
 Agony                    Necr           0%         N/A       100%        5


Dungeon Overview and Level Annotations

Branches:
Dungeon (4/15)
 Temple: D:4-7

Altars:
Ashenzari
Cheibriados


Innate Abilities, Weirdness & Mutations

You are too large for most types of armour.
You have tough skin. (AC +1)


Message History

The orc is severely wounded.
You kill the orc!
The orc hits you with a +0 hand axe.
The orc priest hits you but does no damage.
You hit the orc but do no damage.
The orc looks as sick as possible!
The orc is severely wounded.
You kill the orc!
The ball python barely misses you. The orc priest barely misses you.
The ball python closely misses you.
You hit the ball python.
You kill the ball python!
The orc priest completely misses you.
The orc priest mumbles some strange prayers to Beogh against you.
Beogh smites you!
You hit the orc.
The orc is poisoned.
The orc is severely wounded.
The orc priest hits you from afar with a +0 trident.
The orc hits you with a +0 flail!
* * * LOW HITPOINT WARNING * * *
Throw: 5 large rocks
Press: ? - help, Q - select action, (/) - cycle Shift-Dir - straight line, f - orc priest
Aim: an orc priest, wielding a +0 trident and wearing a +0 ring mail (64% to hit)
You throw a large rock. The large rock hits the orc priest!!
You kill the orc priest!
The orc hits you with a +0 flail.
* * * LOW HITPOINT WARNING * * *
You closely miss the orc priest. The orc closely misses you.
The orc priest hits you with a +0 dagger.
* * * LOW HITPOINT WARNING * * *
A ball python comes into view.
The ball python hisses angrily.
You hit the orc priest but do no damage.
The orc priest is poisoned.
You kill the orc!
The orc priest hits you with a +0 dagger.
* * * LOW HITPOINT WARNING * * *
You closely miss the orc priest.
The orc priest invokes the aid of Beogh against you.
Beogh smites you!
You die...

#............########.#
o.......###.#..).....#
#.##..............###
#........#.#.####.#
#.#....†.#.#.## #.#
#.............# #.###
###..)..(###..# #...#
..........o###..# ###)#
#####.S...)@##### #.#
#.#######...# #.# #.
##♣.<.♣## #.# ..
#...†...###.# ...
#.<.♣...'.#.# ...
#?......#...#
##♣.<.♣####.#
#...##....# ######...##


You could see an orc priest (very poisoned) and a ball python.

Vanquished Creatures
  Duvessa (D:4)
  A black bear (D:2)
  An ogre (D:2)
  Dowan (D:4)
  An orc priest (D:4)
  A hound (D:4)
  Jessica (D:2)
  7 adders
  2 worms
  A dart slug (D:2)
  4 orcs
  5 endoplasms
  3 giant cockroaches
  5 goblins
  6 hobgoblins
  4 kobolds
  4 quokkas
  7 ball pythons
  7 bats
  3 frilled lizards
  4 rats
69 creatures vanquished.

Notes
Turn   | Place    | Note
-------+----------+-------------------------------------------
     0 | D:1      | chippings the Ogre Hunter began the quest for the Orb.
     0 | D:1      | Reached XP level 1. HP: 22/22 MP: 1/1
   538 | D:1      | Reached skill level 1 in Stealth
   538 | D:1      | Reached XP level 2. HP: 25/31 MP: 2/2
  1378 | D:2      | Reached XP level 3. HP: 26/37 MP: 3/3
  1483 | D:2      | Noticed Jessica
  1488 | D:2      | Killed Jessica
  1495 | D:2      | Reached XP level 4. HP: 29/48 MP: 4/4
  1497 | D:2      | Found a faded altar of an unknown god.
  1517 | D:2      | Found a broken altar of Ashenzari.
  1616 | D:2      | Noticed a black bear
  1631 | D:2      | Killed a black bear
  1632 | D:2      | Reached XP level 5. HP: 27/55 MP: 5/5
  1669 | D:2      | Became a worshipper of Ashenzari the Shackled
  1673 | D:2      | Reached skill level 5 in Throwing
  1862 | D:2      | Noticed an ogre
  1881 | D:2      | Killed an ogre
  1882 | D:2      | Reached skill level 5 in Fighting
  1882 | D:2      | Reached XP level 6. HP: 46/66 MP: 6/6
  2842 | D:3      | Found a snail-covered altar of Cheibriados.
  3107 | D:4      | Noticed Duvessa
  3107 | D:4      | Noticed Dowan
  3130 | D:4      | Killed Duvessa
  3131 | D:4      | Reached skill level 1 in Maces & Flails
  3131 | D:4      | Reached XP level 7. HP: 34/74 MP: 7/7
  3136 | D:4      | Killed Dowan
  3443 | D:4      | Killed from afar by an orc priest

Illustrated notes

Levels and vault maps discovered:
D:1:      giann_bridges, layout_loops_corners, minmay_misc_feat_square,
          minmay_hexomino_f4
D:2:      layout_rooms, basic_altar, chequers_ecumenical_altar_simple_redux,
          uniq_jessica
D:3:      layout_basic, cheibrodos_worm_habitat
D:4:      layout_loops_ring, overflow_temple_1_default, kennysheep_mini,
          minmay_temple_entry_gardened_gates, grunt_ministairs_7, uniq_edmund,
          uniq_duvessa, uniq_crazy_yiuf_cottage, uniq_menkaure

Skill      XL: |  1  2  3  4  5  6 |
---------------+-------------------+-----
Fighting       | 3 4 5 |  5.8
Stealth        | 1 2 3 |  3.2
Throwing       | 5 |  5.6
Maces & Flails | 1 |  1.5
Dodging        | 2 |  2.4

Action                   |  1- 3 |  4- 6 |  7- 9 || total
-------------------------+-------+-------+-------++-------
Melee: Short sword       |    67 |       |       ||    67
       Dagger            |    16 |   105 |    22 ||   143
Throw: Large rock        |       |     7 |     2 ||     9
 Stab: Sleeping          |     1 |     1 |     1 ||     3
       Distracted        |       |     1 |       ||     1
Armor: Robe              |    24 |    26 |     3 ||    53
Dodge: Dodged            |    46 |    58 |    14 ||   118

Table legend: (Time is in decaauts)
 A = Elapsed time spent in this place.
 B = Non-inter-level travel time spent in this place.
 C = Inter-level travel time spent in this place.
 D = Time resting spent in this place.
 E = Time spent auto-exploring this place.
 F = Levels seen in this place.
 G = Mean time per level.
                   A        B        C        D        E       F      G
               +--------+--------+--------+--------+--------+-----+--------+
         Total |   3470 |   3428 |     42 |    291 |   2328 |   4 |  867.5 |
       Dungeon |   3470 |   3428 |     42 |    291 |   2328 |   4 |  867.5 |
               +--------+--------+--------+--------+--------+-----+--------+

Top non-repeatable levels by time:
     D:1: 1464 daAuts
     D:2: 840 daAuts
     D:3: 709 daAuts
     D:4: 456 daAuts
